 Dungeon Crawl Stone Soup version 0.30.2 (webtiles) character file.

Game seed: 6212389102153926119

4344 porpoise the Spear-Bearer (level 10, -2/80 HPs)
             Began as a Demonspawn Gladiator on Mar 29, 2024.
             Was a Believer of Fedhas.
             Slain by an orc warrior
             ... wielding a +0 broad axe
              (9 damage)
             ... on level 8 of the Dungeon on Mar 30, 2024.
             The game lasted 00:26:18 (9003 turns).

porpoise the Spear-Bearer (Demonspawn Gladiator)    Turns: 9003, Time: 00:26:21

Health: -2/80      AC: 14    Str: 20    XL:     10   Next: 12%
Magic:  15/15      EV: 11    Int:  9    God:    Fedhas [**....]
Gold:   364        SH:  4    Dex: 14    Spells: 9/9 levels left

rFire   . . .        a - +1 trident
rCold   . . .        (no shield)
rNeg    . . .        E - +2 ring mail {rPois}
rPois   +            s - +2 helmet
rElec   .            (no cloak)
rCorr   +            (no gloves)
SInv    .            g - +0 pair of boots
Will    +....        (no amulet)
Stlth   +            h - ring of willpower
HPRegen 0.33/turn    n - ring of resist corrosion
MPRegen 0.14/turn

%: no passive effects
@: studying 2 skills
A: hooves 2, foul stench 1, sharp scales 2, condensation shield
a: Renounce Religion, Wall of Briars


You were on level 8 of the Dungeon.
You worshipped Fedhas.
Fedhas was pleased with you.
You visited 2 branches of the dungeon, and saw 9 of its levels.
You also visited: Ossuary.

You collected 544 gold pieces.
You spent 180 gold pieces at shops.

Inventory:

Hand Weapons
 a - a +1 trident (weapon)
 b - a +0 sling
 w - a +1 spear of venom
Missiles
 d - a throwing net (quivered)
 e - a javelin
 f - 3 silver boomerangs
 C - 5 boomerangs
 K - 2 poisoned darts
Armour
 g - a +0 pair of boots (worn)
 s - a +2 helmet (worn)
 E - a +2 ring mail of poison resistance (worn)
Jewellery
 c - a +6 ring of intelligence
 h - a ring of willpower (left hand)
 j - a ring of wizardry
 n - a ring of resist corrosion (right hand)
 H - an amulet of guardian spirit
Wands
 F - a wand of light (7)
Scrolls
 i - 3 scrolls of amnesia
 k - 7 scrolls of teleportation
 p - 2 scrolls of vulnerability
 q - a scroll of enchant weapon
 t - a scroll of magic mapping
 y - a scroll of summoning
 G - a scroll of poison
 L - a scroll of blinking
Potions
 l - a potion of mutation
 m - a potion of experience {unknown}
 o - 2 potions of might
 v - a potion of invisibility
 z - a potion of brilliance
 A - a potion of resistance
 B - 2 potions of flight
 D - a potion of lignification
 I - 3 potions of curing
 J - a potion of ambrosia


   Skills:
 + Level 7.7 Fighting
 * Level 9.9 Polearms
 - Level 1.7 Throwing
 + Level 5.0 Armour
 - Level 2.6 Dodging
 + Level 6.8 Invocations
 - Level 1.9 Evocations


You had 9 spell levels left.
You didn't know any spells.
Your spell library contained the following spells:

 Spells                   Type           Power      Damage    Failure   Level
 Beastly Appendage        Tmut           0%         N/A       54%         1
 Magic Dart               Conj           0%         1d3       54%         1
 Call Imp                 Summ           0%         N/A       69%         2
 Searing Ray              Conj           0%         2d4       69%         2
 Wereblood                Tmut           0%         N/A       69%         2
 Hailstorm                Conj/Ice       0%         3d3       89%         3
 Mephitic Cloud           Conj/Pois/Air  0%         N/A       89%         3
 Ozocubu's Armour         Ice            0%         N/A       89%         3
 Portal Projectile        Hex/Tloc       0%         N/A       89%         3
 Spider Form              Tmut/Pois      0%         N/A       89%         3
 Tukima's Dance           Hex            0%         N/A       89%         3
 Fulminant Prism          Conj/Hex       0%         3d5       100%        4
 Ice Form                 Ice/Tmut       0%         N/A       100%        4
 Blade Hands              Tmut           0%         N/A       100%        5
 Metabolic Englaciation   Hex/Ice        0%         N/A       100%        5
 Simulacrum               Ice/Necr       0%         N/A       100%        6
 Ozocubu's Refrigeration  Ice            0%         4d7       100%        7


Dungeon Overview and Level Annotations

Branches:
Dungeon (8/15)             Temple (1/1) D:4         Ossuary (visited)
   Lair: D:8-11

Altars:
Ashenzari
Cheibriados
Dithmenos
Fedhas
Gozag
Hepliaklqana
Makhleb
Nemelex Xobeh
Okawaru
Ru
Sif Muna
Trog
Uskayaw
Vehumet
Wu Jian
Xom
Yredelemnul

Shops:
D:4 ([

Annotations:
D:1 1 transporter
D:6 2 runed translucent doors, booth's ghost, novice MiFi


Innate Abilities, Weirdness & Mutations

You have hoof-like feet.
You may rarely emit foul miasma when damaged in melee.
You are mostly covered in razor-sharp scales. (AC +2, Slay +2)
A meltable shield of frost defends you. (SH +4)


Message History

You kill the orc priest!
Fedhas appreciates your contribution to the ecosystem.
You hit the orc priest.
You kill the orc priest!
Fedhas appreciates your contribution to the ecosystem.
The orc warrior closely misses you. You block the orc's attack.
You hit the orc warrior but do no damage.
The orc warrior hits you with a +0 broad axe.
* * * LOW HITPOINT WARNING * * *
You emit a cloud of foul miasma!
The orc hits you with a +0 club.
* * * LOW HITPOINT WARNING * * *
You emit a cloud of foul miasma!
You closely miss the orc warrior.
The orc warrior is engulfed in dark miasma.
The orc warrior is poisoned.
The orc warrior barely misses you.
The orc is engulfed in dark miasma.
The orc is poisoned.
You kill the orc!
Fedhas appreciates your contribution to the ecosystem.
You closely miss the orc warrior.
The orc warrior is moderately wounded.
The orc warrior is engulfed in dark miasma.
The orc warrior looks even sicker.
The orc warrior hits you with a +0 broad axe.
* * * LOW HITPOINT WARNING * * *
You hit the orc warrior but do no damage.
The orc warrior is moderately wounded.
You barely miss the orc warrior.
The orc warrior is moderately wounded.
The orc warrior is engulfed in dark miasma.
The orc warrior looks even sicker.
The orc warrior hits you with a +0 broad axe!
* * * LOW HITPOINT WARNING * * *
You barely miss the orc warrior.
The orc warrior is severely wounded.
The orc warrior is engulfed in dark miasma.
The orc warrior looks as sick as possible!
The orc warrior seems to slow down.
The orc warrior hits you with a +0 broad axe!
You die...
Fedhas appreciates your contribution to the ecosystem.

###############
..............#
..............#
..................#
..................#
.....(.....))....#
.g.......).).o.(#
#..###..###@).##
####..########☼).##.#
.......#......).......
########..g.g..........
#......)≈≈≈≈≈≈≈........
#.≈≈≈≈≈≈......≈.......)
#.≈.....#####.≈...##.##
##.≈.####....#.≈...# .#
##.≈.#...≈≈≈.#.≈....# .


You could see an orc warrior (extremely poisoned, slow).

Vanquished Creatures
  Joseph (D:8)
  Prince Ribbit (D:5)
  Sigmund (D:4)
  4 yaks (D:6)
  Edmund (D:4)
  3 orc warriors
  A sky beast (D:7)
  4 ice beasts
  An ogre (D:5)
  5 black bears
  2 centaurs
  A bullfrog (D:6)
  A scorpion (D:4)
  4 wights (D:7)
  A gnoll sergeant (D:6)
  2 electric eels (D:8)
  3 howler monkeys
  A centaur zombie (Ossuary)
  3 orc priests
  A jelly (D:6)
  2 gnoll boudas (D:8)
  3 hounds
  An iron imp (D:6)
  3 sleepcaps (D:4)
  4 iguanas
  4 orc wizards
  4 ogre zombies (Ossuary)
  7 mummies (Ossuary)
  6 gnolls (D:8)
  6 adders
  A shadow imp (D:7)
  An ufetubus (D:6)
  2 adder zombies (Ossuary)
  3 worms
  2 dart slugs
  28 orcs
  4 bats
  4 endoplasms
  8 giant cockroaches
  2 gnoll zombies (Ossuary)
  5 goblins
  9 hobgoblins
  2 jackals (D:1)
  6 kobolds
  4 quokkas
  4 ball pythons
  2 frilled lizards (D:1)
  5 goblin zombies (Ossuary)
  4 hobgoblin zombies (Ossuary)
  3 kobold zombies (Ossuary)
  3 orc zombies (Ossuary)
  3 quokka zombies (Ossuary)
  4 rats
  3 rat zombies (Ossuary)
193 creatures vanquished.

Vanquished Creatures (others)
  3 sleepcaps
  A gnoll (D:8)
  An orc (D:8)
5 creatures vanquished.

Grand Total: 198 creatures vanquished

Notes
Turn   | Place    | Note
-------+----------+-------------------------------------------
     0 | D:1      | porpoise the Demonspawn Gladiator began the quest for the
                  | Orb.
     0 | D:1      | Reached XP level 1. HP: 16/16 MP: 1/1
   131 | D:1      | Reached skill level 3 in Polearms
   135 | D:1      | Gained mutation: A meltable shield of frost defends you.
                  | (SH +4) [demonic ancestry]
   135 | D:1      | Reached XP level 2. HP: 21/22 MP: 2/2
   945 | D:2      | Gained mutation: You may rarely emit foul miasma when
                  | damaged in melee. [demonic ancestry]
   945 | D:2      | Reached XP level 3. HP: 28/28 MP: 3/3
  1124 | D:2      | Found a faded altar of an unknown god.
  1521 | D:2      | Reached skill level 4 in Polearms
  1927 | D:3      | Gained mutation: You are partially covered in razor-sharp
                  | scales. (AC +1, Slay +1) [demonic ancestry]
  1927 | D:3      | Reached XP level 4. HP: 34/34 MP: 4/4
  2624 | D:4      | Found a sand-covered staircase.
  2629 | Ossuary  | Entered an ossuary
  2804 | Ossuary  | Gained mutation: You have large cloven feet. [demonic
                  | ancestry]
  2804 | Ossuary  | Reached XP level 5. HP: 39/41 MP: 5/5
  2937 | Ossuary  | Reached skill level 5 in Polearms
  2944 | Ossuary  | HP: 1/42 [mummy (9)]
  3040 | Ossuary  | Reached XP level 6. HP: 41/48 MP: 6/6
  3490 | D:4      | Found Ledghaum's Antique Armour Shoppe.
  3563 | D:4      | Bought a runed helmet for 180 gold pieces
  3619 | D:4      | Reached skill level 6 in Polearms
  3900 | D:4      | Noticed Edmund
  3915 | D:4      | Killed Edmund
  3916 | D:4      | Gained mutation: You have hoof-like feet. [demonic
                  | ancestry]
  3916 | D:4      | Reached XP level 7. HP: 28/55 MP: 7/7
  4028 | D:4      | Noticed Sigmund
  4034 | D:4      | Killed Sigmund
  4035 | D:4      | Reached skill level 5 in Fighting
  4052 | D:4      | Found Zounnuaxt's Weapon Boutique.
  4126 | D:4      | Found a staircase to the Ecumenical Temple.
  4135 | Temple   | Entered the Ecumenical Temple
  4323 | Temple   | Became a worshipper of Fedhas Madash
  4373 | D:5      | Entered Level 5 of the Dungeon
  4461 | D:5      | Noticed Prince Ribbit
  4471 | D:5      | Killed Prince Ribbit
  4472 | D:5      | Reached skill level 7 in Polearms
  4472 | D:5      | Reached skill level 1 in Invocations
  4562 | D:5      | Reached XP level 8. HP: 30/64 MP: 9/9
  5615 | D:6      | Reached skill level 8 in Polearms
  5734 | D:6      | Found a snail-covered altar of Cheibriados.
  6138 | D:6      | Reached * piety under Fedhas
  6150 | D:6      | Reached skill level 1 in Armour
  6150 | D:6      | Reached skill level 1 in Evocations
  6150 | D:6      | Reached XP level 9. HP: 42/72 MP: 12/12
  6494 | D:6      | Reached skill level 5 in Invocations
  6853 | D:6      | Reached skill level 9 in Polearms
  7297 | D:6      | Found a large runed translucent door.
  7297 | D:6      | Found a large runed translucent door.
  7301 | D:6      | Noticed booth's ghost (novice MiFi)
  7619 | D:7      | Reached ** piety under Fedhas
  7663 | D:7      | Identified 2 scrolls of acquirement
  7663 | D:7      | Acquired a manual of Armour
  7665 | D:7      | Acquired a manual of Fighting
  8384 | D:8      | Noticed Joseph
  8669 | D:8      | Killed Joseph
  8670 | D:8      | Gained mutation: You are mostly covered in razor-sharp
                  | scales. (AC +2, Slay +2) [demonic ancestry]
  8670 | D:8      | Reached XP level 10. HP: 71/79 MP: 14/14
  8841 | D:8      | Found a broken altar of Ashenzari.
  8844 | D:8      | Found a shimmering altar of Xom.
  8942 | D:8      | Reached skill level 5 in Armour
  9003 | D:8      | Slain by an orc warrior

Illustrated notes

Levels and vault maps discovered:
D:1:      spicycebolla_arrival_risky_transporter, layout_basic
D:2:      layout_loops_corners, hellmonk_ecumenical_altar_run_dry
D:3:      layout_loops_ring, minmay_misc_feat_square
D:4:      dreamdust_elfheim, layout_cave_pools, temple_hall, serial_shops,
          nicolae_shop_behind_doors, nicolae_shop_stone,
          nicolae_ossuary_entry_ruins, wad_floor_pattern_1,
          minmay_stone_trees_small, skrybe_limestone_x, sigmund_edmund_badplayer
D:5:      layout_basic, uniq_prince_ribbit1
D:6:      layout_basic, slow_altar_2, ebering_ghost_disaster_area,
          minmay_fractal_squares_gapless_5
D:7:      layout_rooms
D:8:      layout_gridville, mainiacjoe_overflow_six_doors_small,
          nicolae_overflow_squiral, uniq_joseph
Temple:   nicolae_temple_bog_church

Skill      XL: |  1  2  3  4  5  6  7  8  9 10 |
---------------+-------------------------------+-----
Polearms       | 3 4 5 6 7 8 9 |  9.9
Fighting       | 3 4 5 7 |  7.7
Invocations    | 2 4 6 |  6.8
Armour         | 1 4 5 |  5.0
Evocations     | 1 |  1.9
Throwing       | |  1.7
Dodging        | |  2.6

Action                     |  1- 3 |  4- 6 |  7- 9 | 10-12 || total
---------------------------+-------+-------+-------+-------++-------
  Melee: Trident           |   133 |   213 |   380 |    69 ||   795
         Kick              |       |    46 |    73 |       ||   119
         Punch             |       |     2 |     7 |       ||     9
   Fire: Sling             |       |     8 |       |       ||     8
  Throw: Throwing net      |       |     3 |     2 |       ||     5
    Use: Scroll            |     2 |    12 |    13 |       ||    27
         Potion            |       |     2 |     1 |     1 ||     4
   Stab: Held in net/web   |       |       |     1 |       ||     1
         Sleeping          |       |       |     1 |       ||     1
 Armour: Ring mail         |    35 |    45 |   100 |    15 ||   195
         Leather armour    |     1 |       |       |       ||     1
  Dodge: Dodged            |    72 |    61 |   108 |    23 ||   264
  Block: Other             |    19 |    26 |    31 |     9 ||    85
